 Dungeon Crawl Stone Soup version 0.20-a0-470-gbb038bd (webtiles) character file.

1478556 junb69 the Slayer (level 27, 211/211 HPs)
             Began as a Halfling Artificer on Jan 11, 2017.
             Was the Champion of Okawaru.
             Escaped with the Orb
             ... and 3 runes on Jan 13, 2017!
             The game lasted 06:04:33 (102561 turns).

junb69 the Slayer (Halfling Artificer)            Turns: 102561, Time: 06:04:34

Health: 211/211    AC: 41    Str: 26    XL:     27
Magic:  35/35      EV: 33    Int: 13    God:    Okawaru [******]
Gold:   3352       SH: 12    Dex: 31    Spells: 36/42 levels left

rFire  + + .     SeeInvis +     P - +4 demon blade (elec)
rCold  + . .     Gourm    .     W - +6 plate armour of Gravitas {rElec Str+2 Int+3}
rNeg   + . .     Faith    .     R - +3 buckler {AC+3}
rPois  +         Spirit   .     U - +0 helmet of the Curious Dances {rF+ SInv}
rElec  +         Reflect  .     g - +2 cloak {rPois}
rCorr  .         Harm     .     i - +2 pair of gloves {Str+3}
MR     ++++.                    c - +1 pair of boots of Truth {Str+4}
Stlth  ++........               d - amulet of Qimmeing {RegenMP +Inv rC+ Dex+4}
                                w - ring "Voyly" {+Fly rF+ MR+ Dex+4}
                                z - ring of Azotuiverch {rN+ MR+}

@: no status effects
A: mutation resistance 1
0: Orb of Zot
}: 3/15 runes: barnacled, abyssal, gossamer
a: Heroism, Finesse, Renounce Religion, Evoke Invisibility, Evoke Flight


You escaped.
You worshipped Okawaru.
Okawaru was exalted by your worship.
You were full.

You visited 11 branches of the dungeon, and saw 52 of its levels.
You visited the Abyss 1 time.
You also visited: Labyrinth, Ossuary, Ice Cave and Volcano.

You collected 7470 gold pieces.
You spent 4118 gold pieces at shops.

Inventory:

Hand Weapons
 e - a +3 demon blade of freezing
 v - a +0 blowgun
 P - a +4 demon blade of electrocution (weapon)
Missiles
 M - 12 curare-tipped needles
Armour
 c - the +1 pair of boots of Truth (worn) {Str+4}
   (Okawaru gifted it to you on level 1 of the Vaults)

   It affects your strength (+4).
 g - a +2 cloak of poison resistance (worn)
 i - a +2 pair of gloves of strength (worn)
 R - a +3 buckler of protection (worn)
 U - the +0 helmet of the Curious Dances (worn) {rF+ SInv}
   (You found it on level 2 of the Elven Halls)

   It protects you from fire.
   It lets you see invisible.
 W - the +6 plate armour of Gravitas (worn) {rElec Str+2 Int+3}
   (Okawaru gifted it to you on level 2 of the Depths)

   It affects your strength (+2).
   It affects your intelligence (+3).
   It insulates you from electricity.
Jewellery
 d - the amulet of Qimmeing (around neck) {RegenMP +Inv rC+ Dex+4}
   (You acquired it on level 2 of the Crypt)

   [amulet of magic regeneration]

   It increases your magic regeneration.
   It affects your dexterity (+4).
   It protects you from cold.
   It lets you turn invisible.
 w - the ring "Voyly" (right hand) {+Fly rF+ MR+ Dex+4}
   (You found it on level 3 of the Vaults)

   [ring of flight]

   It affects your dexterity (+4).
   It protects you from fire.
   It affects your resistance to hostile enchantments.
   It lets you fly.
 z - the ring of Azotuiverch (left hand) {rN+ MR+}
   (You took it off a vampire on level 3 of the Crypt)

   [ring of positive energy]

   It protects you from negative energy.
   It affects your resistance to hostile enchantments.
Wands
 a - a wand of digging (10/24)
 A - a wand of acid (2/15)
 Q - a wand of clouds (0/9)
Scrolls
 b - 6 scrolls of identify
 j - 19 scrolls of teleportation
 l - a scroll of enchant weapon
 m - 3 scrolls of fear
 o - 14 scrolls of remove curse
 q - 6 scrolls of enchant armour
 D - 6 scrolls of recharging
 E - 3 scrolls of blinking
 F - 4 scrolls of silence
 H - a scroll of magic mapping
 K - 2 scrolls of brand weapon
 V - a scroll of holy word
 X - 6 scrolls of fog
Potions
 k - 2 potions of resistance
 n - 3 potions of haste
 p - 2 potions of heal wounds
 s - 2 potions of berserk rage
 t - a potion of cure mutation
 u - 10 potions of curing
 x - 7 potions of flight
 C - 11 potions of agility
 L - 3 potions of cancellation
 O - 3 potions of might
Miscellaneous
 h - a lamp of fire (inert)
 y - a box of beasts
 I - a phial of floods
 Y - a phantom mirror
Comestibles
 f - 18 bread rations
 r - 19 meat rations


   Skills:
 * Level 23.0 Fighting
   Level 5.5(12.1) Short Blades
 - Level 14.0(14.2) Long Blades
 - Level 21.3 Armour
 - Level 22.9 Dodging
 - Level 19.0 Stealth
 - Level 5.9 Shields
 - Level 8.1 Spellcasting
 - Level 2.8 Hexes
 - Level 9.3 Charms
 - Level 7.0 Necromancy
 - Level 4.5 Translocations
 * Level 12.7 Invocations
 - Level 17.2 Evocations


You had 36 spell levels left.
You knew the following spells:

 Your Spells              Type           Power        Failure   Level  Hunger
a - Blink                 Tloc           N/A          14%         2    None
c - Corona                Hex            ##.....      21%         1    None
d - Regeneration          Chrm/Necr      ####......   10%         3    ##.....


Dungeon Overview and Level Annotations

Branches:
Dungeon (15/15)            Temple (1/1) D:7            Lair (6/6) D:9
 Shoals (4/4) Lair:4       Spider (4/4) Lair:2        Slime (0/5) Lair:6
    Orc (2/2) D:10            Elf (3/3) Orc:2        Vaults (4/5) D:13
  Crypt (3/3) Vaults:3       Tomb (0/3) Crypt:3      Depths (5/5) D:15
    Zot (5/5) Depths:5

Altars:
Ashenzari
Cheibriados
Dithmenos
Elyvilon
Fedhas
Gozag
Hepliaklqana
Kikubaaqudgha
Makhleb
Nemelex Xobeh
Okawaru
Qazlal
Ru
Sif Muna
Trog
Uskayaw
Vehumet
Xom
Yredelemnul
Zin
The Shining One
Beogh

Shops:
D:8 }   Orc:2 *[:(   Elf:1 ****!   Elf:2 :[   Vaults:1 *?[   Vaults:3 %

Portals:
Hell: Depths:1 Depths:2 Depths:3 Depths:4 Depths:5
Abyss: Depths:1 Depths:4 Depths:5
Pandemonium: Depths:2 Depths:3 Depths:5
Ziggurat: Depths:1
Trove: D:10 (give +5 demon trident)

Annotations:
D:9 5 runed doors
D:14 exclusion: Roxanne, Roxanne
Shoals:4 Ilsuiw
Orc:1 exclusion: redback


Innate Abilities, Weirdness & Mutations

You are small and have problems with some larger weapons.
You are somewhat resistant to further mutation.


Message History

You destroy the plant!
The plant is engulfed in roaring flames. x2
You destroy the plant!
Unknown command.
The plant is engulfed in roaring flames. x4
You destroy the plant!
The plant is engulfed in roaring flames. x4
You destroy the plant!
The plant is engulfed in roaring flames.
You destroy the plant!
The plant is engulfed in roaring flames.
You destroy the plant!
The plant is engulfed in roaring flames. x2
You destroy the plant!
The plant is engulfed in roaring flames. x2
You destroy the plant!
The plant is engulfed in roaring flames. x2
The plant is engulfed in roaring flames. x2
You destroy the plant!
You have escaped!

##...#.####..l..##.#
#§)P######........#
#§.P#..............
#.§P#######.#.#####
#..P# #.#.#
#####§.P#######.#.#
#...#P§P#...)...#.#####
#.###P§P#########......
#.# #P@P# #.##### #####
#.# #P§P#########.##...
....# #.#
#§§§#.........#...#
###.# #.#
#P§§###########...# #.#
#.# #§§§# ####...# #.#
#.# #§§§# #....... #.#
#.# #§§§# #....... #.#
#.# #P.P# #....... #.#
#.# #...# #.##...#


There were no monsters in sight!

Vanquished Creatures
  6 ancient liches
  4 orbs of fire
  Mennas (Crypt:3)
  Margery (Crypt:2)
  Bai Suzhen (Vaults:4)
  A curse toe (Crypt:3)
  3 Killer Klowns (Zot:5)
  3 caustic shrikes (Depths:4)
  Nikola (Vaults:2)
  5 golden dragons
  Jory (Crypt:3)
  Jorgrun (Vaults:1)
  A hellephant (D:1)
  3 electric golems (Zot:5)
  The ghost of ThermosAquaticus the Sniper, an adept BaBe of Trog (Vaults:1)
  7 liches
  7 tentacled monstrosities
  19 Orb Guardians
  Asterion (Spider:3)
  3 quicksilver dragons
  3 deep elf master archers
  3 deep elf blademasters
  4 krakens
  12 ancient champions
  Frances (Shoals:1)
  4 tentacled starspawn
  8 sphinxes
  2 death cobs
  8 tengu reavers
  3 draconian monks
  7 storm dragons
  Kirke (Elf:1)
  A storm dragon (shapeshifter) (Depths:3)
  6 shadow dragons
  5 revenants
  A draconian knight (Zot:5)
  9 fire giants
  3 draconian scorchers
  2 emperor scorpions (Spider:4)
  3 iron dragons
  A nagaraja (Abyss:3)
  21 frost giants
  An orc warlord (Orc:2)
  A balrug (Zot:5)
  23 vault wardens
  Louise (Spider:4)
  9 deep elf sorcerers
  4 ghost moths
  18 ghouls
  2 draconian shifters (Zot:5)
  5 curse skulls
  A juggernaut zombie (Crypt:3)
  20 ironheart preservers
  2 deep elf elementalists (Elf:3)
  3 draconian annihilators (Zot:5)
  2 reapers
  A spriggan defender (Depths:1)
  4 war gargoyles
  25 very ugly things
  13 vampire knights
  4 entropy weavers
  Nessos (D:13)
  3 green draconians
  17 stone giants
  2 purple draconians
  5 deep elf demonologists (Elf:3)
  4 yellow draconians
  2 black draconians
  6 white draconians
  2 lorocyprocas (Depths:3)
  7 red draconians
  9 deep elf annihilators
  17 spark wasps
  11 deep elf death magi
  An ettin (shapeshifter) (Depths:3)
  5 merfolk javelineers
  2 eidola (Crypt:2)
  A minotaur (shapeshifter) (Depths:4)
  15 ettins
  6 jiangshi
  A minotaur (Lab)
  A green death (Zot:5)
  Erolcha (D:11)
  2 deep elf high priests (Elf:3)
  18 yaktaur captains
  16 fire dragons
  11 merfolk impalers
  14 ice dragons
  21 vault guards
  12 great orbs of eyes
  8 rakshasas
  12 hydras
  2 alligator snapping turtles
  Erica (D:11)
  13 spriggan air magi
  A catoblepas (shapeshifter) (Depths:3)
  2 satyrs (Shoals:3)
  9 ogre magi
  31 dancing weapons
  7 merfolk avatars
  12 tengu warriors
  26 two-headed ogres
  8 merfolk aquamancers
  3 death knights
  5 spriggan berserkers
  15 centaur warriors
  5 vampire magi
  10 deep troll shamans
  11 deep troll earth magi
  A death yak (IceCv)
  2 thrashing horrors
  An orc high priest (Orc:2)
  Nergalle (D:12)
  A shock serpent (shapeshifter) (Depths:2)
  2 shock serpents (Depths:3)
  7 small abominations
  A soul eater (Crypt:2)
  Urug (Orc:2)
  2 titan zombies
  14 deep elf knights
  2 titan skeletons
  15 hell knights
  10 spriggans
  3 wretched stars (Abyss:3)
  6 shadow wraiths
  11 skeletal warriors
  A sixfirhy (Abyss:1)
  An iron troll (shapeshifter) (Depths:3)
  22 deep trolls
  3 iron trolls
  7 flayed ghosts
  15 sea snakes
  A death drake (shapeshifter) (Elf:2)
  10 unseen horrors
  4 glowing orange brains
  An orange crystal statue (Depths:1)
  3 wizards
  A kraken simulacrum (Shoals:4)
  4 shadow dragon zombies
  21 deep elf archers
  Pikel (D:4)
  A tengu zombie (Depths:4)
  2 wolf spider zombies
  18 harpies
  A sphinx zombie (Depths:1)
  6 phantasmal warriors
  3 golden dragon skeletons
  18 necromancers
  24 ironbrand convokers
  A harpy (shapeshifter) (Vaults:2)
  A mana viper (shapeshifter) (Depths:2)
  An iron dragon zombie (Crypt:1)
  92 deep elf magi
  18 orc knights
  7 orc sorcerers
  16 orb spiders
  A frost giant zombie (Depths:1)
  A shadow dragon skeleton (Crypt:1)
  2 fire giant zombies
  A cyclops (shapeshifter) (Vaults:3)
  12 cyclopes
  58 ugly things
  A worldbinder (Abyss:3)
  A tengu skeleton (Depths:4)
  A stone giant zombie (Crypt:2)
  40 wolf spiders
  19 manticores
  A salamander (shapeshifter) (Vaults:2)
  9 fauns
  10 moths of wrath
  10 large abominations
  10 merfolk sirens
  5 water nymphs
  15 elephants
  2 fire giant skeletons
  An iron dragon skeleton (Abyss:1)
  A black mamba (shapeshifter) (Depths:1)
  21 vault sentinels
  Maurice (Orc:2)
  A guardian serpent (shapeshifter) (Depths:5)
  2 moths of wrath (shapeshifter)
  A stone giant skeleton (Vaults:4)
  2 naga magi
  2 apocalypse crabs
  4 smoke demons
  11 black mambas
  2 spiny frogs (shapeshifter)
  2 guardian serpents
  An ice statue (IceCv)
  A hellion (Depths:2)
  A gargoyle (D:13)
  12 spiny frogs
  A yellow draconian zombie (Crypt:1)
  57 yaktaurs
  A sea snake zombie (Crypt:2)
  A yaktaur zombie (Vaults:1)
  An orange demon (Depths:2)
  An elephant slug zombie (Crypt:2)
  8 rime drakes
  A kobold demonologist (D:14)
  9 freezing wraiths
  2 white draconian zombies
  An efreet (D:15)
  A ghost moth simulacrum (Crypt:2)
  2 ice devils (Orc:2)
  A golden dragon simulacrum (Depths:4)
  10 komodo dragons
  A swamp worm zombie (Crypt:1)
  7 demonic crawlers
  2 harpy zombies
  A hellwing (Depths:2)
  A tormentor (Abyss:3)
  4 ancient zymes
  6 guardian mummies
  6 tengu conjurers
  35 jumping spiders
  44 merfolk
  A merfolk (shapeshifter) (Depths:3)
  A tyrant leech (shapeshifter) (Depths:3)
  13 trolls
  3 human skeletons
  9 wind drakes
  23 polar bears
  A hydra zombie (Crypt:1)
  23 hornets
  Prince Ribbit (D:7)
  2 hydra skeletons
  2 ettin zombies
  An iron dragon simulacrum (Crypt:2)
  18 slime creatures
  6 blink frogs
  7 raiju
  15 snapping turtles
  7 bog bodies
  An ice dragon zombie (Crypt:3)
  16 dream sheep
  A minotaur skeleton (Crypt:1)
  A hippogriff (shapeshifter) (Vaults:2)
  A dream sheep (shapeshifter) (Depths:3)
  A centaur simulacrum (D:10)
  32 hippogriffs
  33 tarantellas
  2 alligator skeletons (Crypt:2)
  4 human simulacra
  7 shadows
  24 air elementals
  20 wyverns
  2 fire dragon skeletons (Crypt:1)
  6 flying skulls (Crypt:3)
  51 redbacks
  5 vampires (Crypt:3)
  A spriggan (shapeshifter) (Vaults:1)
  An ettin skeleton (Abyss:1)
  16 water elementals
  54 yaks
  14 basilisks
  10 wraiths
  2 humans (shapeshifter)
  An ice dragon skeleton (Crypt:1)
  A chaos spawn (D:7)
  A fire bat (Abyss:1)
  A golden eye (shapeshifter) (Vaults:1)
  An elf zombie (Vaults:1)
  4 neqoxecs
  3 hungry ghosts
  A yaktaur simulacrum (Vaults:1)
  2 soldier ants
  7 wargs
  A redback simulacrum (D:15)
  An acid dragon (D:15)
  A water nymph zombie (Crypt:1)
  An infernal demonspawn skeleton (Crypt:2)
  2 floating eyes
  6 hell hounds
  16 porcupines
  A spiny frog skeleton (Abyss:1)
  33 orc warriors
  6 sky beasts
  A slave (D:4)
  28 water moccasins
  An ice dragon simulacrum (Vaults:1)
  A swamp dragon zombie (Crypt:3)
  14 black bears
  2 phantoms
  7 ice beasts
  14 necrophages
  A blink frog zombie (Crypt:3)
  An elf simulacrum (Depths:2)
  2 ettin simulacra
  25 wolves
  An eye of draining (D:13)
  10 boggarts
  32 ogres
  17 centaurs
  A torpor snail zombie (Crypt:1)
  19 crocodiles
  2 big kobolds (D:11)
  18 bullfrogs
  A snapping turtle skeleton (Crypt:1)
  A fire crab zombie (Crypt:1)
  An ogre simulacrum (Vaults:1)
  An elf skeleton (Crypt:3)
  2 earth elementals (Elf:2)
  A wyvern skeleton (D:13)
  A deep troll simulacrum (Vaults:2)
  A draconian skeleton (Crypt:3)
  A glowing shapeshifter simulacrum (Vaults:4)
  7 scorpions
  A cyclops skeleton (Crypt:3)
  21 killer bees
  A spriggan skeleton (Crypt:3)
  A troll skeleton (Crypt:1)
  16 wights
  2 vampire bats (D:4)
  4 howler monkeys
  5 electric eels
  7 centaur zombies
  9 crimson imps
  11 starcursed masses (Abyss:3)
  4 quasits
  A bullfrog zombie (D:7)
  8 human zombies
  3 jellies
  3 gnoll shamans (D:3)
  20 orc priests
  12 hounds
  2 bullfrog skeletons (D:13)
  5 centaur skeletons
  4 iron imps
  7 worker ants
  3 iguanas
  33 orc wizards
  A porcupine skeleton (Crypt:1)
  An acid dragon zombie (Crypt:3)
  2 big kobold zombies (Ossuary)
  An ogre skeleton (Crypt:2)
  A hound zombie (D:11)
  A hound skeleton (D:7)
  2 mummies (Ossuary)
  29 gnolls
  A worker ant zombie (Crypt:3)
  15 adders
  A steam dragon skeleton (Crypt:2)
  3 shadow imps
  6 white imps
  An ufetubus (Depths:2)
  An ooze (D:1)
  An adder zombie (D:8)
  2 adder skeletons
  A worm (D:1)
  4 dart slugs
  9 leopard geckos
  126 orcs
  A ball python (D:4)
  6 giant cockroaches
  11 goblins
  7 hobgoblins
  21 jackals
  5 quokkas
  14 bats
  7 frilled lizards
  A giant cockroach zombie (Crypt:2)
  3 goblin zombies
  7 hobgoblin zombies (Ossuary)
  23 kobolds
  9 kobold zombies (Ossuary)
  2 leopard gecko zombies
  11 orc zombies (Ossuary)
  A quokka skeleton (D:5)
  2 quokka zombies
  10 rats
  A lurking horror (Abyss:3)
  18 plants
  A starspawn tentacle (Abyss:3)
  13 tentacles
2872 creatures vanquished.

Vanquished Creatures (collateral kills)
  An orb of fire (Zot:5)
  An ancient lich (Zot:5)
  A golden dragon (Zot:5)
  6 Orb Guardians (Zot:5)
  A draconian scorcher (Zot:5)
  An emperor scorpion (Spider:4)
  A yellow draconian (Zot:5)
  A two-headed ogre (D:8)
  Sonja (Lair:3)
  2 moths of wrath
  A red devil (Zot:5)
  A hornet (Spider:4)
  2 dream sheep (Lair:6)
  A ynoxinul (Zot:5)
  An ogre (D:5)
  An elf zombie (Ossuary)
  2 killer bees (D:11)
  A gnoll shaman (D:3)
  2 gnolls
  An ufetubus (Zot:5)
  An orc (D:4)
  2 kobolds (D:11)
32 creatures vanquished.

Vanquished Creatures (others)
  A draconian stormcaller (Depths:5)
  A large abomination (Abyss:1)
  A shadow wraith (Vaults:3)
  A deep troll (Depths:1)
  A deep elf archer (Vaults:1)
  2 deep elf magi (Elf:3)
  An ugly thing (D:15)
  A necromancer (Depths:1)
  3 moths of wrath (Zot:5)
  A smoke demon (Abyss:1)
  2 raiju (Abyss:3)
  A redback (Spider:2)
  4 humans (Elf:1)
  2 boggarts
  3 centaurs (Vaults:2)
  A gnoll sergeant (D:3)
  A white imp (Depths:2)
  An ufetubus (Abyss:1)
  An adder zombie (D:4)
  A quokka (D:8)
  3 bushes
  25 fungi
  2 lurking horrors
  39 plants
  18 starspawn tentacles
  45 tentacles
162 creatures vanquished.

Grand Total: 3066 creatures vanquished

Notes
Turn   | Place    | Note
-------+----------+-------------------------------------------
     0 | D:1      | junb69 the Halfling Artificer began the quest for the Orb.
     0 | D:1      | Reached XP level 1. HP: 12/12 MP: 3/3
   181 | D:1      | Reached XP level 2. HP: 6/18 MP: 4/4
   377 | D:1      | Reached skill level 1 in Fighting
   772 | D:1      | Reached XP level 3. HP: 22/23 MP: 5/5
  1153 | D:2      | Found a sparkling altar of Nemelex Xobeh.
  1471 | D:2      | Reached XP level 4. HP: 22/29 MP: 6/6
  1685 | D:2      | Reached skill level 2 in Fighting
  1691 | D:2      | Found a glowing golden altar of the Shining One.
  2236 | D:2      | Reached XP level 5. HP: 26/34 MP: 7/7
  2483 | D:3      | Found a burning altar of Makhleb.
  3429 | D:3      | Reached skill level 1 in Long Blades
  3490 | D:3      | Reached skill level 3 in Fighting
  3773 | D:3      | Reached XP level 6. HP: 39/42 MP: 8/8
  4378 | D:3      | Reached skill level 4 in Fighting
  4381 | D:3      | Reached XP level 7. HP: 47/48 MP: 9/9
  6054 | D:4      | Reached skill level 5 in Fighting
  6054 | D:4      | Reached XP level 8. HP: 55/55 MP: 10/10
  6104 | D:4      | Reached skill level 5 in Long Blades
  6896 | D:4      | Reached skill level 6 in Fighting
  7124 | D:4      | Noticed Pikel
  7161 | D:4      | Killed Pikel
  7161 | D:4      | Reached skill level 5 in Short Blades
  7161 | D:4      | Reached XP level 9. HP: 42/63 MP: 11/11
  7485 | D:5      | Entered Level 5 of the Dungeon
  7502 | D:5      | Found a sand-covered staircase.
  7520 | Ossuary  | Entered an ossuary
  7769 | Ossuary  | Reached skill level 1 in Armour
  8651 | D:5      | Reached skill level 7 in Fighting
  9289 | D:6      | Found a hazy altar of Hepliaklqana.
  9315 | D:6      | Found an ancient bone altar of Kikubaaqudgha.
  9489 | D:6      | Identified the Papyrus of Heat
  9537 | D:6      | Reached XP level 10. HP: 71/71 MP: 12/12
  9631 | D:6      | Found a radiant altar of Vehumet.
  9870 | D:7      | Noticed Prince Ribbit
  9876 | D:7      | Killed Prince Ribbit
  9901 | D:7      | Found a staircase to the Ecumenical Temple.
  9925 | Temple   | Entered the Ecumenical Temple
 10007 | Temple   | Became a worshipper of Warmaster Okawaru
 10052 | D:7      | Found a stormy altar of Qazlal.
 10107 | D:7      | Found a sacrificial altar of Ru.
 10132 | D:7      | Reached skill level 5 in Dodging
 10716 | D:8      | Reached skill level 5 in Armour
 10738 | D:8      | Found a white marble altar of Elyvilon.
 10765 | D:8      | Found a shattered altar of Ashenzari.
 11117 | D:8      | Found a bloodstained altar of Trog.
 11137 | D:8      | Reached * piety under Okawaru
 11546 | D:8      | Found Ziuji's Gadget Emporium.
 11549 | D:8      | Bought a wand of polymorph (13/24) for 240 gold pieces
 12137 | D:8      | Reached ** piety under Okawaru
 12137 | D:8      | Reached skill level 8 in Fighting
 12148 | D:8      | Noticed a two-headed ogre
 12157 | D:8      | Killed a two-headed ogre
 12157 | D:8      | Reached *** piety under Okawaru
 12157 | D:8      | Reached XP level 11. HP: 49/78 MP: 13/13
 13779 | D:9      | Found a runed gate.
 13780 | D:9      | Found a runed door.
 13795 | D:9      | Found a runed gate.
 13795 | D:9      | Found a runed gate.
 13844 | D:9      | Identified the Grimoire of Flight
 14012 | D:9      | Reached **** piety under Okawaru
 14263 | D:9      | Found a staircase to the Lair.
 14417 | D:9      | Found a runed door.
 14829 | Lair:1   | Entered Level 1 of the Lair of Beasts
 15091 | Lair:1   | Reached ***** piety under Okawaru
 15505 | Lair:1   | Noticed a seven-headed hydra
 15672 | Lair:1   | Reached skill level 5 in Stealth
 15672 | Lair:1   | Reached XP level 12. HP: 29/84 MP: 15/15
 16009 | Lair:1   | Reached skill level 5 in Evocations
 16108 | Lair:1   | Reached skill level 9 in Fighting
 16352 | Lair:2   | Found a hole to the Spider Nest.
 17061 | Lair:2   | Received a gift from Okawaru
 17834 | Lair:2   | Reached skill level 10 in Long Blades
 17962 | Lair:2   | Noticed a six-headed hydra
 18194 | Lair:1   | Reached skill level 10 in Fighting
 19197 | Lair:2   | Received a gift from Okawaru
 19631 | Lair:3   | Noticed Sonja
 19715 | Lair:3   | Killed Sonja
 20027 | Lair:3   | Noticed an eight-headed hydra
 20460 | Lair:2   | Reached XP level 13. HP: 87/93 MP: 17/17
 21089 | Lair:3   | Received a gift from Okawaru
 21206 | Lair:4   | Reached skill level 10 in Dodging
 22048 | Lair:4   | Noticed a five-headed hydra
 22206 | D:10     | Entered Level 10 of the Dungeon
 22604 | D:10     | Found a staircase to the Orcish Mines.
 23042 | D:10     | Found a portal to a secret trove of treasure.
 23390 | D:11     | Noticed Erolcha
 23407 | D:11     | Killed Erolcha
 23407 | D:11     | Reached skill level 11 in Fighting
 23418 | D:11     | Found a labyrinth entrance.
 23448 | D:11     | Got a brightly glowing scale mail
 23452 | D:11     | Noticed Erica
 23466 | Lab      | Entered a labyrinth
 23467 | Lab      | Identified the +4 scale mail of Conscience {rPois rN+ Int+2} (You found it on level 11 of the Dungeon)
 25013 | Lab      | Noticed a minotaur
 25027 | Lab      | Killed a minotaur
 25141 | D:11     | Killed Erica
 25151 | D:11     | Noticed Psyche
 25152 | D:11     | Noticed Psyche
 25152 | D:11     | Psyche changed into Psyche the ice beast
 25158 | D:11     | Killed Psyche the ice beast
 25849 | Lair:3   | Killed a four-headed hydra
 26073 | Lair:4   | Found a staircase to the Shoals.
 26096 | Lair:4   | Received a gift from Okawaru
 26113 | Lair:4   | Learned a level 2 spell: Blink
 26447 | Lair:4   | Noticed a four-headed hydra
 26558 | Lair:4   | Killed a one-headed hydra
 26558 | Lair:4   | Reached XP level 14. HP: 89/102 MP: 18/18
 27064 | Lair:4   | Reached ****** piety under Okawaru
 27696 | Lair:5   | Reached skill level 10 in Armour
 28239 | Lair:6   | Entered Level 6 of the Lair of Beasts
 28386 | Lair:6   | Received a gift from Okawaru
 29320 | Lair:6   | Found a shadowy altar of Dithmenos.
 29339 | Lair:6   | Received a gift from Okawaru
 29905 | Lair:6   | Received a gift from Okawaru
 29980 | Lair:6   | Found a staircase to the Slime Pits.
 30007 | Lair:6   | Reached XP level 15. HP: 94/108 MP: 19/19
 30137 | Lair:6   | Reached skill level 12 in Fighting
 30714 | Lair:6   | Received a gift from Okawaru
 30784 | Lair:6   | Identified the Papyrus of Poison and Battle Magic
 30905 | Lair:6   | Upgraded the game from 0.20-a0-464-g526fb3c to 0.20-a0-465-g6513c8f
 30988 | Lair:2   | Reached skill level 1 in Invocations
 31096 | Orc:1    | Entered Level 1 of the Orcish Mines
 31252 | Orc:1    | Found a dark tunnel.
 31257 | Volcano  | Entered a volcano
 32191 | Orc:2    | Entered Level 2 of the Orcish Mines
 32494 | Orc:2    | Found a staircase to the Elven Halls.
 32536 | Orc:2    | Noticed Maurice
 32537 | Orc:2    | Found a frozen archway.
 32560 | Orc:2    | Killed Maurice
 32606 | IceCv    | Entered an ice cave
 32729 | IceCv    | Identified the Reference Book on the Oath and the Voyage
 33447 | IceCv    | Received a gift from Okawaru
 33450 | IceCv    | Got a jewelled scale mail {god gift}
 33544 | IceCv    | Identified the +4 scale mail "Mukibb" {rN+ Int+4 Slay+3} (Okawaru gifted it to you in an ice cave)
 33612 | IceCv    | Noticed a frost giant
 33827 | IceCv    | Killed a frost giant
 33993 | Orc:2    | Learned a level 5 spell: Silence
 33996 | Orc:2    | Learned a level 1 spell: Corona
 34083 | Orc:2    | Reached skill level 13 in Fighting
 34183 | Orc:2    | Noticed Urug
 34245 | Orc:2    | Reached XP level 16. HP: 117/117 MP: 21/21
 34655 | Orc:2    | Killed Urug
 34820 | Orc:2    | Found a roughly hewn altar of Beogh.
 35086 | Orc:2    | Found Rido's Antique Weapon Shoppe.
 35109 | Orc:2    | Found Mieckah's Antique Armour Shoppe.
 35122 | Orc:2    | Bought a helmet for 135 gold pieces
 35137 | Orc:2    | Found Hajydais's General Store.
 35144 | Orc:2    | Bought a scroll of identify for 28 gold pieces
 35144 | Orc:2    | Bought a scroll of identify for 28 gold pieces
 35153 | Orc:2    | Found Nuar's Book Shoppe.
 35896 | D:12     | Noticed Nergalle
 35919 | D:12     | Killed Nergalle
 36558 | D:12     | Noticed Rupert
 36619 | D:12     | Noticed Rupert
 36619 | D:12     | Rupert changed into Rupert the fire giant
 36635 | D:12     | Killed Rupert the fire giant
 37870 | D:13     | Noticed Nessos
 38117 | D:13     | Received a gift from Okawaru
 38646 | D:13     | Received a gift from Okawaru
 38822 | D:13     | Killed Nessos
 39192 | D:13     | Found a gate to the Vaults.
 39702 | Orc:2    | Bought a glowing demon blade for 567 gold pieces
 39877 | D:14     | Reached skill level 1 in Shields
 39923 | D:14     | Noticed Roxanne
 40258 | D:14     | Reached skill level 14 in Fighting
 40536 | D:14     | Reached XP level 17. HP: 123/125 MP: 22/22
 40660 | D:14     | Found a hazy altar of Hepliaklqana.
 41463 | D:15     | Entered Level 15 of the Dungeon
 41591 | D:15     | Reached skill level 5 in Shields
 41633 | D:15     | Received a gift from Okawaru
 41634 | D:15     | Got a twisted dagger {god gift}
 42302 | D:15     | Found a staircase to the Depths.
 42594 | D:15     | Received a gift from Okawaru
 43142 | Spider:1 | Entered Level 1 of the Spider Nest
 43563 | Spider:2 | Reached skill level 15 in Dodging
 44685 | Spider:3 | Reached XP level 18. HP: 118/132 MP: 23/23
 44707 | Spider:3 | Received a gift from Okawaru
 45149 | Spider:3 | Noticed Asterion
 45172 | Spider:3 | Killed Asterion
 45380 | Spider:3 | Received a gift from Okawaru
 45616 | Spider:4 | Entered Level 4 of the Spider Nest
 45622 | Spider:4 | Paralysed by a hornet for 3 turns
 45817 | Spider:4 | Learned a level 3 spell: Regeneration
 45892 | Spider:4 | Noticed Louise
 46171 | Spider:4 | Killed Louise
 47360 | Spider:4 | Received a gift from Okawaru
 47370 | Spider:4 | Reached skill level 10 in Stealth
 47418 | Spider:4 | Got a scorched short sword {god gift}
 47419 | Spider:4 | Identified the +5 short sword of Osaicwor {antimagic, rPois rF+ Dex+2} (Okawaru gifted it to you on level 4 of the Spider Nest)
 47448 | Spider:4 | Got a gossamer rune of Zot
 47668 | Shoals:1 | Entered Level 1 of the Shoals
 47705 | Shoals:1 | Reached skill level 15 in Fighting
 48002 | Shoals:1 | Noticed a kraken
 48042 | Shoals:1 | Killed a kraken
 48358 | Shoals:1 | Reached XP level 19. HP: 136/139 MP: 25/25
 48541 | Shoals:1 | Noticed Frances
 48570 | Shoals:1 | Killed Frances
 48769 | Shoals:1 | Received a gift from Okawaru
 51159 | Shoals:2 | Received a gift from Okawaru
 51159 | Shoals:2 | Reached skill level 16 in Fighting
 51160 | Shoals:2 | Got a scorched scale mail {god gift}
 51174 | Shoals:2 | Identified the +3 scale mail of Okawaru's Supremacy {rElec} (Okawaru gifted it to you on level 2 of the Shoals)
 51495 | Shoals:3 | Found a radiant altar of Vehumet.
 52733 | Shoals:3 | Found a hide-covered altar of Uskayaw.
 53121 | Shoals:4 | Entered Level 4 of the Shoals
 53750 | Shoals:4 | Reached XP level 20. HP: 139/149 MP: 26/26
 53756 | Shoals:4 | Noticed Ilsuiw
 53987 | Shoals:4 | Received a gift from Okawaru
 54960 | Shoals:4 | Paralysed by a floating eye for 3 turns
 55237 | Shoals:4 | Got a barnacled rune of Zot
 55261 | Shoals:4 | Reached skill level 17 in Fighting
 56299 | Elf:1    | Entered Level 1 of the Elven Halls
 56561 | Elf:1    | Found Ekhal's Distillery.
 56569 | Elf:1    | Bought a potion of haste for 130 gold pieces
 56569 | Elf:1    | Bought a potion of curing for 39 gold pieces
 56569 | Elf:1    | Bought 2 potions of curing for 78 gold pieces
 56622 | Elf:1    | Found Igrud's Assorted Antiques.
 56626 | Elf:1    | Bought a scroll of enchant weapon for 232 gold pieces
 56626 | Elf:1    | Bought a scroll of identify for 62 gold pieces
 56817 | Elf:1    | Received a gift from Okawaru
 56849 | Elf:1    | Found Gilai's Assorted Antiques.
 56857 | Elf:1    | Bought a pair of crude gloves for 304 gold pieces
 56857 | Elf:1    | Bought a scroll of teleportation for 96 gold pieces
 56857 | Elf:1    | Bought a scroll of teleportation for 96 gold pieces
 56857 | Elf:1    | Bought a scroll of identify for 64 gold pieces
 56868 | Elf:1    | Identified the +1 pair of gloves "Wouxzil" {rC+ MR- Int+8} (You bought it in a shop on level 1 of the Elven Halls)
 56879 | Elf:1    | Bought a murky sapphire potion for 28 gold pieces
 56925 | Elf:1    | Found Ytemn's Assorted Antiques.
 56925 | Elf:1    | Found Rul Tim's General Store.
 56935 | Elf:1    | Bought a scroll of identify for 74 gold pieces
 56935 | Elf:1    | Bought a scroll of identify for 74 gold pieces
 56935 | Elf:1    | Bought a scroll of magic mapping for 129 gold pieces
 57046 | Elf:1    | Noticed Kirke
 57050 | Elf:1    | Killed Kirke
 57050 | Elf:1    | Reached skill level 1 in Charms
 57077 | Elf:1    | Reached skill level 1 in Necromancy
 57080 | Elf:1    | Reached skill level 1 in Spellcasting
 57392 | Elf:1    | Identified the Disquisition on Attacks and Summoning
 57750 | Elf:2    | Found Luipp's Armour Emporium.
 57804 | Elf:2    | Got a dazzling helmet
 57822 | Elf:2    | Identified the cursed +0 helmet of the Curious Dances {rF+ SInv} (You found it on level 2 of the Elven Halls)
 57954 | Elf:2    | Found Asie's Book Emporium.
 58030 | Elf:2    | Found a runed gate.
 58032 | Elf:2    | Found a runed gate.
 58046 | Elf:2    | Found a runed gate.
 58613 | Elf:2    | Received a gift from Okawaru
 58650 | Elf:2    | Reached skill level 5 in Charms
 58739 | Elf:2    | Reached XP level 21. HP: 131/153 MP: 27/27
 58812 | Elf:2    | Received a gift from Okawaru
 59042 | Elf:2    | Received a gift from Okawaru
 59284 | Elf:3    | Entered Level 3 of the Elven Halls
 60165 | Elf:3    | Noticed a Tzitzimitl
 60511 | Elf:3    | Received a gift from Okawaru
 60511 | Elf:3    | Reached skill level 5 in Necromancy
 61037 | Elf:3    | Reached skill level 5 in Spellcasting
 61219 | Elf:3    | Reached skill level 1 in Translocations
 61524 | Elf:3    | Received a gift from Okawaru
 62695 | Elf:3    | Got a serpentine tin ring
 63328 | Elf:3    | Identified the cursed ring of Uqie {AC-2 Dex+4} (You took it off a deep elf elementalist on level 3 of the Elven Halls)
 63346 | Elf:3    | Got a spiked helmet
 63357 | Elf:3    | Identified the +2 helmet "Wugg" {MR+ Str+4 Int+3} (You found it on level 3 of the Elven Halls)
 63772 | Vaults:1 | Entered Level 1 of the Vaults
 63797 | D:13     | Reached skill level 1 in Hexes
 63841 | Vaults:1 | Reached XP level 22. HP: 156/163 MP: 31/31
 63942 | Vaults:1 | Reached skill level 15 in Armour
 64177 | Vaults:1 | Found Feishrim's General Store.
 64185 | Vaults:1 | Bought a potion of haste for 210 gold pieces
 64208 | Vaults:1 | Reached skill level 10 in Evocations
 64258 | Vaults:1 | Found Acsoeva's Magic Scroll Emporium.
 64283 | Vaults:1 | Noticed Jorgrun
 64338 | Vaults:1 | Killed Jorgrun
 64735 | Vaults:1 | Bought a scroll of blinking for 112 gold pieces
 64735 | Vaults:1 | Bought a scroll of blinking for 112 gold pieces
 64797 | Vaults:1 | Received a gift from Okawaru
 64998 | Vaults:1 | Found Qemidd's Antique Armour Shop.
 65088 | Vaults:1 | Noticed ThermosAquaticus's ghost (adept BaBe)
 65529 | Vaults:1 | Killed ThermosAquaticus's ghost
 65872 | Vaults:1 | Found a burning altar of Makhleb.
 65897 | Vaults:1 | Received a gift from Okawaru
 65900 | Vaults:1 | Got a pair of slimy boots {god gift}
 65912 | Vaults:1 | Identified the +1 pair of boots of Truth {Str+4} (Okawaru gifted it to you on level 1 of the Vaults)
 66718 | Vaults:1 | Reached XP level 23. HP: 159/170 MP: 29/32
 66728 | Vaults:1 | Upgraded the game from 0.20-a0-465-g6513c8f to 0.20-a0-470-gbb038bd
 67691 | Vaults:1 | Received a gift from Okawaru
 68028 | Vaults:2 | Reached skill level 18 in Fighting
 69280 | Vaults:2 | Received a gift from Okawaru
 69500 | Vaults:2 | Received a gift from Okawaru
 69792 | Vaults:2 | Noticed Nikola
 69810 | Vaults:2 | Killed Nikola
 70855 | Vaults:2 | Identified a scroll of acquirement
 70856 | Vaults:2 | Got a steaming amethyst amulet
 70914 | Vaults:3 | Found Iraoqal's Food Boutique.
 71395 | Vaults:3 | Received a gift from Okawaru
 71608 | Vaults:3 | Reached XP level 24. HP: 122/179 MP: 29/32
 72440 | Vaults:3 | Got a brightly glowing turquoise ring
 72540 | Vaults:3 | Identified the ring "Voyly" {+Fly rF+ MR+ Dex+4} (You found it on level 3 of the Vaults)
 72603 | Vaults:3 | Received a gift from Okawaru
 73031 | Vaults:3 | Found a staircase to the Crypt.
 73031 | Vaults:3 | Found an ancient bone altar of Kikubaaqudgha.
 73032 | Vaults:3 | Found a basalt altar of Yredelemnul.
 73354 | Vaults:4 | Reached skill level 15 in Stealth
 74262 | Vaults:3 | Received a gift from Okawaru
 75430 | Vaults:4 | Reached XP level 25. HP: 155/184 MP: 33/33
 75435 | Vaults:4 | Noticed Bai Suzhen
 75477 | Vaults:4 | Killed Bai Suzhen
 75840 | Vaults:4 | Received a gift from Okawaru
 75868 | Vaults:4 | Got a pair of transparent gloves {god gift}
 75881 | Vaults:4 | Identified the +2 pair of gloves of Yesterday {+Inv rC+++ Str-3 Int-3} (Okawaru gifted it to you on level 4 of the Vaults)
 77157 | Crypt:1  | Entered Level 1 of the Crypt
 77316 | Crypt:1  | Identified the amulet of Siamitt {rPois MR- Regen+ Int+4 Stlth+} (You acquired it on level 2 of the Vaults)
 77600 | Crypt:1  | Found a shimmering altar of Xom.
 78453 | Crypt:1  | Reached skill level 19 in Fighting
 78486 | Crypt:1  | Received a gift from Okawaru
 79579 | Crypt:2  | Got a steaming tin amulet
 79588 | Crypt:2  | Identified the amulet of Qimmeing {RegenMP +Inv rC+ Dex+4} (You acquired it on level 2 of the Crypt)
 79627 | Crypt:2  | Noticed Margery
 79675 | Crypt:2  | Killed Margery
 80065 | Crypt:2  | Reached XP level 26. HP: 191/193 MP: 35/35
 80240 | Crypt:2  | Found an ancient bone altar of Kikubaaqudgha.
 81475 | Crypt:3  | Entered Level 3 of the Crypt
 81490 | Crypt:3  | Noticed Jory
 81604 | Crypt:3  | Killed Jory
 81935 | Crypt:3  | Found a staircase to the Tomb.
 82337 | Crypt:3  | Noticed Mennas
 82383 | Crypt:3  | Killed Mennas
 83778 | Crypt:3  | Got a heavily runed amber ring
 83805 | Crypt:3  | Got a twitching gossamer ring
 83807 | Crypt:3  | Noticed an ancient lich
 83847 | Crypt:3  | Killed an ancient lich
 83858 | Crypt:3  | Received a gift from Okawaru
 83984 | Crypt:3  | Noticed a curse toe
 84312 | Crypt:3  | Got a slimy ivory ring
 84328 | Crypt:3  | Found an ancient bone altar of Kikubaaqudgha.
 84331 | Crypt:3  | Found a basalt altar of Yredelemnul.
 84355 | Crypt:3  | Killed a curse toe
 84375 | Crypt:3  | Reached skill level 20 in Fighting
 84443 | Crypt:3  | Identified the ring of Azotuiverch {rN+ MR+} (You took it off a vampire on level 3 of the Crypt)
 84444 | Crypt:3  | Identified the ring "Fabloz" {rC+ rN+} (You took it off an ancient champion on level 3 of the Crypt)
 84450 | Crypt:3  | Identified the ring of Nuibil {rC+ rN+ MR+ Slay-5} (You took it off a vampire on level 3 of the Crypt)
 84969 | D:8      | Bought a box of beasts for 320 gold pieces
 84969 | D:8      | Bought a lamp of fire for 640 gold pieces
 84969 | D:8      | Bought a sack of spiders for 320 gold pieces
 85207 | Depths:1 | Entered Level 1 of the Depths
 85210 | Depths:1 | Found a one-way gate to the infinite horrors of the Abyss.
 85676 | Depths:1 | Reached XP level 27. HP: 199/201 MP: 35/35
 85724 | Depths:1 | Found a gateway to a ziggurat.
 85734 | Depths:1 | Reached skill level 15 in Evocations
 85797 | Depths:1 | Found a gateway to Hell.
 86796 | Depths:2 | Received a gift from Okawaru
 86979 | Depths:2 | Found an iron altar of Okawaru.
 87778 | Depths:2 | Received a gift from Okawaru
 87991 | Depths:2 | Got a scorched plate armour {god gift}
 87992 | Depths:2 | Identified the +6 plate armour of Gravitas {rElec Str+2 Int+3} (Okawaru gifted it to you on level 2 of the Depths)
 88199 | Depths:2 | Found a one-way gate leading to the halls of Pandemonium.
 89379 | Depths:3 | Got a polished chain mail
 89382 | Depths:3 | Identified the cursed +0 chain mail of Nobility {Str+6} (You found it on level 3 of the Depths)
 89507 | Depths:3 | Noticed an ancient lich
 89687 | Depths:2 | Killed an ancient lich
 90305 | Depths:3 | Got a polished helmet
 90317 | Depths:3 | Identified the +0 helmet of Knowledge {rPois} (You acquired it on level 3 of the Depths)
 90411 | Depths:3 | Received a gift from Okawaru
 91894 | Depths:4 | Received a gift from Okawaru
 91897 | Depths:4 | Got a polished scimitar {god gift}
 91899 | Depths:4 | Identified the +2 scimitar of Tomorrow {elec, MR+} (Okawaru gifted it to you on level 4 of the Depths)
 92791 | Depths:4 | Received a gift from Okawaru
 93915 | Depths:4 | Received a gift from Okawaru
 94496 | Depths:4 | Got an ancient scimitar
 94497 | Depths:4 | Identified the +5 scimitar "Tiatem" {antimagic, +Blink Dex+5} (You found it on level 4 of the Depths)
 94644 | Depths:5 | Entered Level 5 of the Depths
 96966 | Depths:5 | Received a gift from Okawaru
 96969 | Depths:5 | Got an ichor-stained chain mail {god gift}
 96980 | Depths:5 | Identified the +1 chain mail "Cepirov" {+Fly rPois rC- Int+8} (Okawaru gifted it to you on level 5 of the Depths)
 97100 | Depths:5 | Found a gate to the Realm of Zot.
 97586 | Depths:5 | Voluntarily entered the Abyss.
 97741 | Abyss:1  | Gained mutation: You are clumsy. (Dex -2) [a neqoxec]
 98320 | Abyss:3  | Reached skill level 21 in Fighting
 98428 | Abyss:3  | Got an abyssal rune of Zot
 98450 | Depths:5 | Escaped the Abyss
 98676 | Depths:5 | Lost mutation: You are clumsy. (Dex -2) [potion of cure mutation]
 98718 | Zot:1    | Entered Level 1 of the Realm of Zot
 98833 | Zot:3    | Noticed an orb of fire
 98842 | Zot:3    | Gained mutation: You regenerate slowly when monsters are visible. [an orb of fire]
 98864 | Zot:3    | Gained mutation: Your spells are a little easier to cast, but a little less powerful. [an orb of fire]
 98877 | Zot:3    | Killed an orb of fire
 99130 | Zot:5    | Entered Level 5 of the Realm of Zot
 99678 | Zot:5    | Received a gift from Okawaru
 99878 | Zot:5    | Received a gift from Okawaru
 99885 | Zot:5    | Got a transparent chain mail {god gift}
 99897 | Zot:5    | Identified the +0 chain mail of Muosk {rF- MP+9 Int+7 Dex+3} (Okawaru gifted it to you on level 5 of the Realm of Zot)
100062 | Zot:5    | Lost mutation: Your spells are a little easier to cast, but a little less powerful. [potion of cure mutation]
100062 | Zot:5    | Lost mutation: You regenerate slowly when monsters are visible. [potion of cure mutation]
100252 | Zot:5    | Noticed an ancient lich
100297 | Zot:5    | Reached skill level 5 in Invocations
100314 | Zot:5    | Killed an ancient lich
100525 | Zot:5    | Noticed an orb of fire
100569 | Zot:5    | Noticed an orb of fire
100579 | Zot:5    | Gained mutation: You tend to lose your temper in combat. [an orb of fire]
100591 | Zot:5    | Gained mutation: You are agile. (Dex +2) [an orb of fire]
100605 | Zot:5    | Killed an orb of fire
100605 | Zot:5    | Reached skill level 22 in Fighting
100640 | Zot:5    | Noticed an ancient lich
100656 | Zot:5    | Noticed an ancient lich
100870 | Zot:5    | Killed an ancient lich
100941 | Zot:5    | Noticed an ancient lich
100986 | Zot:5    | Gained mutation: You are frail. (-10% HP) [an orb of fire]
101005 | Zot:5    | Killed an orb of fire
101009 | Zot:5    | Noticed an orb of fire
101025 | Zot:5    | Killed an ancient lich
101043 | Zot:5    | Gained mutation: You are occasionally teleported next to monsters. [an orb of fire]
101053 | Zot:5    | Killed an orb of fire
101053 | Zot:5    | Received a gift from Okawaru
101080 | Zot:5    | Killed an ancient lich
101080 | Zot:5    | Reached skill level 10 in Invocations
101334 | Zot:5    | Lost mutation: You are frail. (-10% HP) [potion of cure mutation]
101334 | Zot:5    | Lost mutation: You are agile. (Dex +2) [potion of cure mutation]
101334 | Zot:5    | Lost mutation: You tend to lose your temper in combat. [potion of cure mutation]
101336 | Zot:5    | Noticed an ancient lich
101376 | Zot:5    | Killed an ancient lich
101423 | Zot:5    | Lost mutation: You are occasionally teleported next to monsters. [potion of cure mutation]
101426 | Zot:5    | Noticed an orb of fire
101458 | Zot:5    | Killed an orb of fire
101863 | Zot:5    | Got the Orb of Zot
101963 | Zot:5    | Reached skill level 23 in Fighting
102179 | D:15     | Noticed a seraph
102184 | D:14     | Received a gift from Okawaru
102330 | D:8      | Noticed Nisop the pandemonium lord
102561 | D:$      | Escaped with the Orb!

Vault maps used:
D:1:      eino_arrival_tree_alley
D:2:      nemelex_xobeh_ov_fountains_minmay, lemuel_doored_altar,
          minmay_crystal_water, lexackson_kobold_supper
D:3:      lemuel_castle_with_subvaults, old_standard_altar
D:4:      minmay_misc_feat_more_columns, minmay_misc_feat_square,
          minmay_guarded_unrand_vampires_tooth, uniq_pikel
D:5:      enter_ossuary_4, first_bread, kennysheep_minor_cross
D:6:      vehumet_crystals, lemuel_crystal_altar, lemuel_crystal_altar
D:7:      nicolae_qazlal_general_emergency, lemuel_coloured_pillars_altar,
          uniq_prince_ribbit1
D:8:      trog_ov_bears_minmay, elyvilon_altar_4, evilmike_ruin_ashenzari,
          serial_shops, kennysheep_mini
D:9:      minmay_lair_entry_grove, grunt_ogre_cave,
          minmay_guarded_unrand_staff_of_olgreb
D:10:     orc_0_dummy, nicolae_trove_entry_path_of_doom, serial_ice,
          serial_ice_f, serial_ice_o, serial_ice_c, serial_ice_d
D:11:     lab_entry_generic, uniq_psyche, uniq_erica, uniq_erolcha
D:12:     uniq_rupert, uniq_nergalle
D:13:     hangedman_vaults_entry_quadrant_bands, uniq_nessos
D:14:     minmay_misc_feat_secret_circle, basic_altar, special_room,
          uniq_roxanne
D:15:     grunt_enter_depths_magical_seal, nicolae_ru_path_of_blood
Temple:   cyrus_temple_forest
Lair:1:   serial_bayou_pond_c
Lair:2:   beast_lair_carwin_large_4, spider_nest_entry_web_field,
          serial_bayou_crossing
Lair:3:   small_statue_intersection, guppyfry_lair_drakes, uniq_sonja
Lair:4:   minmay_shoals_entry_hut
Lair:5:   lemuel_fruit_tree, infiniplex_staircase_pool_2
Lair:6:   hangedman_lair_tendril_chambers, slime_dummy, lemuel_centaur_altar
Shoals:1: nicolae_shoals_loop_pool, uniq_frances
Shoals:3: hangedman_feature_mirror, nicolae_shoals_circle_sea_wall,
          nicolae_shoals_aquamancer_cove
Shoals:4: shoals_end_grunt_ice, shoals_ilsuiw_alternative
Spider:3: uniq_asterion
Spider:4: spider_rune_water, hangedman_spider_tarantella_strand, uniq_louise
Orc:1:    nicolae_orc_accident_3, enter_volcano_4
Orc:2:    grunt_orc_cross, portal_ice_cave_demonic_guard, uniq_maurice
Elf:1:    eino_elf_arrival_customs, serial_shops, nicolae_shop_crystal,
          nicolae_shop_crystal, nicolae_shop_temple_entry_statues_fountains,
          nicolae_shop_behind_doors, shop, minmay_elf_sorcery, uniq_kirke
Elf:2:    serial_shops, shop_fountains, shop, minivault_16
Elf:3:    elf_hall, minmay_misc_feat_cross
Vaults:1: nicolae_vaults_twisting_passages, vaults_room_hallway,
          nicolae_vaults_angled_halls, hangedman_vaults_slither, v_pattern_3,
          nicolae_vaults_meeting, v_misc_8, hangedman_vaults_slice,
          vaults_room_large_hall, v_misc_25, basic_altar, serial_shops, shop,
          shop, nicolae_shop_stone, uniq_jorgrun
Vaults:2: ontoclasm_vaults_gateway, nicolae_vaults_asterisk,
          grunt_vaults_trifunnel, nicolae_vaults_triangles, st_octagons_2,
          v_alt_pattern_5, hangedman_vaults_stagger,
          nicolae_vaults_disjoint_gnomons, nicolae_vaults_yaktaur_gun_rack,
          ontoclasm_vaults_idyll, vaults_room_semicircle, uniq_nikola
Vaults:3: vaults_dpeg_doors, nicolae_vaults_specimen_jars, v_misc_32, v_misc_26,
          minmay_guarded_unrand_secular_launcher,
          nicolae_vaults_big_angled_halls, ontoclasm_vaults_ring_small,
          nicolae_vaults_little_squares_3, ontoclasm_vaults_loading_screen,
          vaults_room_fours, minmay_crypt_entry_necro_gods, serial_shops, shop
Vaults:4: v_misc_16, v_rooms_1, grunt_vaults_hallway_short, st_quartered_hall,
          ontoclasm_vaults_loading_screen, nicolae_vaults_border_crossing,
          nicolae_vaults_shelves_hall, v_misc_12, vaults_mumra_hexcomb,
          nicolae_vaults_shelves_hall, uniq_bai_suzhen
Crypt:1:  basic_altar, nicolae_crypt_soggy_tomb
Crypt:2:  basic_altar, roderic_lattice_octagonal_star, uniq_margery
Crypt:3:  lightli_unholy_cathedral, tomb_entry_simple_bobbens,
          due_unseen_surprise, uniq_jory, uniq_mennas
Depths:1: kennysheep_cluttered_fort, enter_ziggurat_e, abyss_entry,
          hangedman_abyss_or_decor_clamps, hell_entry, minivault_16,
          lemuel_nasty_fountain
Depths:2: four-leaf_vault, okawaru_ov_weapons_minmay, grunt_pan_entry_sceptre,
          hell_entry, nicolae_twisting_strands
Depths:3: hangedman_crystal_crosses_colossus, pan_entry, hell_entry
Depths:4: grunt_bent_corner, minmay_tree_intersection, abyss_entry, hell_entry,
          infiniplex_staircase_trident, grunt_megastairs_2
Depths:5: grunt_zot_entry_bicorn, grunt_hell_entry_dis_mu, pan_entry,
          abyss_entry_small_statue_room
Zot:1:    kennysheep_six_static_rooms
Zot:4:    lemuel_lake_of_fire, grunt_megastairs_3, lemuel_elevator
Zot:5:    bh_zot_ikea_curve
Abyss:2:  minivault_25
Abyss:3:  bh_abyss_xom_lugonu_altar
Lab:      labyrinth_skeletal_remains, nicolae_lab_x, nicolae_lab_garden
Ossuary:  ossuary_tomb_1
IceCv:    ice_cave_caverns_02
Volcano:  volcano_pools

Skill      XL: |  1  2  3  4  5  6  7  8  9 10 11 12 13 14 15 16 17 18 19 20 21 22 23 24 25 26 27 |
---------------+----------------------------------------------------------------------------------+-----
Fighting       | 1 2 3 4 5 6 7 8 10 11 13 14 15 16 17 18 19 20 23 | 23.0
Stealth        | 2 5 7 10 11 13 15 19 | 19.0
Short Blades   | 2 5 |  5.5
Long Blades    | 1 3 4 6 7 8 9 10 11 12 13 14 | 14.0
Armour         | 2 5 7 8 9 11 12 13 14 15 21 | 21.3
Dodging        | 3 6 8 9 10 12 14 15 16 17 18 19 20 21 22 | 22.9
Evocations     | 4 5 7 9 10 11 13 14 17 | 17.2
Invocations    | 2 12 | 12.7
Shields        | 3 5 |  5.9
Charms         | 5 7 9 |  9.3
Necromancy     | 3 5 7 |  7.0
Spellcasting   | 2 6 7 8 |  8.1
Translocations | 4 |  4.5
Hexes          | 1 2 |  2.8

Action                   |  1- 3 |  4- 6 |  7- 9 | 10-12 | 13-15 | 16-18 | 19-21 | 22-24 | 25-27 || total
-------------------------+-------+-------+-------+-------+-------+-------+-------+-------+-------++-------
Melee: Short sword       |    98 |    84 |       |       |       |       |       |       |       ||   182
       Scimitar          |       |   129 |   537 |  1005 |   966 |    15 |       |       |       ||  2652
       Punch             |       |       |       |     3 |     7 |       |       |       |       ||    10
       Double sword      |       |       |       |       |   478 |   455 |       |       |       ||   933
       Demon blade       |       |       |       |       |       |  1259 |  1857 |  1929 |  5041 || 10086
 Fire: Blowgun           |       |       |       |     2 |     8 |     2 |     2 |       |       ||    14
 Cast: Regeneration      |       |       |       |       |       |       |     4 |    34 |   102 ||   140
Invok: Heroism           |       |       |       |     9 |    18 |     8 |    20 |    13 |    28 ||    96
       Finesse           |       |       |       |       |       |       |     1 |     1 |       ||     2
Evoke: Wand              |     5 |    15 |    29 |    29 |    16 |    28 |    42 |     3 |    13 ||   180
       Sack of spiders   |       |       |       |     2 |     3 |     2 |     1 |       |     4 ||    12
       Phantom mirror    |       |       |       |       |       |       |       |       |     3 ||     3
       Lamp of fire      |       |       |       |       |       |       |       |       |     2 ||     2
       Box of beasts     |       |       |       |       |       |       |       |       |     2 ||     2
       Phial of floods   |       |       |       |       |       |       |       |       |     2 ||     2
  Use: Scroll            |       |     2 |     4 |    18 |    16 |    21 |    25 |     4 |    30 ||   120
       Potion            |       |       |       |     2 |     5 |     5 |     6 |     2 |    25 ||    45
 Stab: Sleeping          |     3 |     9 |     3 |     6 |     3 |     9 |     9 |    11 |    27 ||    80
       Distracted        |       |       |     2 |     3 |     1 |     6 |     2 |     7 |    28 ||    49
       Paralysed         |       |       |       |       |     2 |    20 |       |     4 |       ||    26
       Invisible         |       |       |       |       |       |       |     2 |       |     2 ||     4
       Confused          |       |       |       |       |       |       |       |       |     1 ||     1
  Eat: Chunk             |     1 |    10 |    15 |    34 |    32 |    26 |    37 |    26 |    27 ||   208
       Beef jerky        |       |       |     2 |     3 |     2 |     5 |     4 |     1 |     1 ||    18
       Pizza             |       |       |       |       |     2 |     2 |       |     1 |     1 ||     6
       Meat ration       |       |       |       |       |     1 |       |       |     1 |     8 ||    10
       Fruit             |       |       |       |       |     4 |    11 |       |     7 |     4 ||    26
       Royal jelly       |       |       |       |       |       |     2 |       |       |       ||     2
       Bread ration      |       |       |       |       |       |       |     2 |     1 |     9 ||    12
Armor: Leather armour    |    14 |    15 |       |       |       |       |       |       |       ||    29
       Ring mail         |       |    51 |   172 |   323 |    72 |       |       |       |       ||   618
       Scale mail        |       |       |       |       |   363 |   513 |   378 |   248 |   271 ||  1773
       Plate armour      |       |       |       |       |       |       |       |       |   703 ||   703
Dodge: Dodged            |    56 |   168 |   351 |   995 |  1674 |  1648 |  1380 |  1217 |  3888 || 11377
Block: Buckler           |       |       |       |       |       |   578 |   737 |   642 |  2209 ||  4166
       Rpst.: Scimitar   |       |    32 |   120 |   227 |   283 |     3 |       |       |       ||   665
       Double sword      |       |       |       |       |   104 |   108 |       |       |       ||   212
       Demon blade       |       |       |       |       |       |   217 |   276 |   280 |   688 ||  1461
